 Dungeon Crawl Stone Soup version 0.30.1-9-gdf580d7c3d (webtiles) character file.

Game seed: 6041581424312723408

92 girricane the Cutter (level 4, 0/28 HPs)
             Began as a Kobold Gladiator on Oct 13, 2023.
             Slain by an orc
             ... wielding a +0 short sword
              (5 damage)
             ... on level 3 of the Dungeon.
             The game lasted 00:03:46 (1606 turns).

girricane the Cutter (Kobold Gladiator)             Turns: 1606, Time: 00:03:47

Health: 0/28       AC:  4    Str: 11    XL:     4   Next: 90%
Magic:  4/4        EV: 16    Int:  9    God:
Gold:   135        SH:  0    Dex: 18    Spells: 3/3 levels left

rFire   . . .        a - +0 rapier
rCold   . . .        (no shield)
rNeg    . . .        b - +0 leather armour
rPois   .            c - +0 helmet
rElec   .            (no cloak)
rCorr   .            (no gloves)
SInv    .            (no boots)
Will    .....        (no amulet)
Stlth   ++           (no ring)
HPRegen 0.24/turn    (no ring)
MPRegen 0.09/turn

%: no passive effects
@: no status effects
A: small, no large weapons, nightstalker 3
a: no special abilities


You were on level 3 of the Dungeon.
You visited 1 branch of the dungeon, and saw 3 of its levels.

You collected 135 gold pieces.

Inventory:

Hand Weapons
 a - a +0 rapier (weapon)
Missiles
 d - 3 throwing nets (quivered)
 e - 2 boomerangs
 q - 4 poisoned darts
Armour
 b - a +0 leather armour (worn)
 c - a +0 helmet (worn)
Jewellery
 l - the ring "Biusyrol" {Fly Slay+2}
   (You found it on level 2 of the Dungeon)

   [ring of flight]

   Slay:      It affects your accuracy & damage with ranged weapons and melee
   (+2).
   Fly:       It grants you flight.
Scrolls
 m - 2 scrolls of fear {unknown}
 n - 2 scrolls of amnesia {unknown}
 p - a scroll of vulnerability {unknown}
Potions
 f - 2 potions of lignification
 g - a potion of brilliance {unknown}
 h - a potion of curing {unknown}
 i - a potion of flight {unknown}
 j - a potion of might {unknown}
 k - a potion of degeneration {unknown}
 o - a potion of mutation {unknown}


   Skills:
 + Level 3.1 Fighting
 * Level 5.6 Short Blades
 - Level 2.4 Throwing
 + Level 4.3 Dodging


You had 3 spell levels left.
You didn't know any spells.
Your spell library was empty.

Dungeon Overview and Level Annotations

Branches:
Dungeon (3/15)

Altars:
Elyvilon

Shops:
D:2 [


Innate Abilities, Weirdness & Mutations

You are small and have problems with some larger weapons.
You are completely attuned to the shadows.


Message History

The orc priest is heavily wounded.
The orc priest begins to cast a cantrip, but forgets the words!
The orc hits you but does no damage.
You hit the orc priest.
The orc priest is severely wounded.
The orc closely misses you. The orc priest closely misses you.
You hit the orc priest but do no damage.
The orc priest is severely wounded.
The orc priest barely misses you.
You hit the orc priest.
The orc priest is severely wounded.
The orc priest hits you but does no damage.
The orc closely misses you.
You puncture the orc priest!
You kill the orc priest!
The orc closely misses you. The orc misses you.
Found a stone staircase leading down.
The orc hits you but does no damage. The orc hits you with a +0 short sword.
Things that are here:
a +0 club; a +0 leather armour; a ball python corpse You are too injured to fight recklessly!
You hit the orc but do no damage. The orc hits you with a +0 mace.
The orc hits you with a +0 short sword.
* * * LOW HITPOINT WARNING * * *
You hit the orc.
The orc is heavily wounded.
The orc completely misses you. The orc closely misses you.
You barely miss the orc.
The orc is heavily wounded.
The orc closely misses you. The orc barely misses you.
You hit the orc.
You kill the orc!
The orc hits you with a +0 short sword.
* * * LOW HITPOINT WARNING * * *
Things that are here:
a +0 mace; a +0 leather armour The orc hits you with a +0 short sword.
* * * LOW HITPOINT WARNING * * *
You barely miss the orc. The orc hits you with a +0 short sword.
You die...

.. ..
........#
###
.....†.##
......#
.......#
#.....##
##.....##
........#
<.......##
....@.....
....o).##.#
..........#
..)....###
.......#
....>..#


You could see an orc.

Vanquished Creatures
  An orc priest (D:3)
  A worm (D:2)
  A dart slug (D:3)
  An orc (D:3)
  4 ball pythons
  3 bats
  4 endoplasms
  14 goblins
  6 hobgoblins
  2 jackals (D:1)
  2 quokkas
  A frilled lizard (D:2)
  6 kobolds (D:1)
  7 rats
53 creatures vanquished.

Notes
Turn   | Place    | Note
-------+----------+-------------------------------------------
     0 | D:1      | girricane the Kobold Gladiator began the quest for the Orb.
     0 | D:1      | Reached XP level 1. HP: 12/12 MP: 1/1
   106 | D:1      | Reached XP level 2. HP: 18/18 MP: 2/2
   142 | D:1      | Found a faded altar of an unknown god.
   281 | D:1      | Reached XP level 3. HP: 21/22 MP: 3/3
   785 | D:2      | Found Guhupseo's Antique Armour Emporium.
   909 | D:2      | Identified the ring "Biusyrol" {Fly Slay+2}
   949 | D:2      | Reached skill level 5 in Short Blades
  1177 | D:2      | Found a white marble altar of Elyvilon.
  1252 | D:2      | Reached XP level 4. HP: 27/27 MP: 4/4
  1606 | D:3      | Slain by an orc

Illustrated notes

Levels and vault maps discovered:
D:1:      dpeg_arrival_round_a, layout_basic,
          shapermc_ecumenical_altar_mp_ritualfount, hex_intersection
D:2:      cheibrodos_greedy_goblins, layout_loops_cross, serial_shops,
          nicolae_shop_crystal, basic_altar
D:3:      layout_rooms, kennysheep_vampire_church

Skill      XL: |  1  2  3  4 |
---------------+-------------+-----
Dodging        | 4 |  4.3
Short Blades   | 5 |  5.6
Fighting       | 3 |  3.1
Throwing       | |  2.4

Action                     |  1- 3 |  4- 6 || total
---------------------------+-------+-------++-------
  Melee: Rapier            |    86 |    36 ||   122
    Use: Scroll            |     1 |       ||     1
   Stab: Sleeping          |    10 |     4 ||    14
 Armour: Leather armour    |    14 |     4 ||    18
  Dodge: Dodged            |    52 |    23 ||    75
